 Dungeon Crawl Stone Soup version 0.28-a0-1167-g616b1c6417 (webtiles) character file.

Game seed: 5685465926157156972

300 Ijustatesigmund the Chopper (level 6, 0/79 HPs)
             Began as a Hill Orc Gladiator on Dec 16, 2021.
             Slain by an orc warrior (5 damage)
             ... on level 3 of the Dungeon.
             The game lasted 00:05:15 (2905 turns).

Ijustatesigmund the Chopper (Hill Orc Gladiator)    Turns: 2905, Time: 00:05:17

Health: 0/79       AC: 23    Str: 17    XL:     6   Next: 36%
Magic:  6/6        EV:  2    Int: 10    God:
Gold:   59         SH:  0    Dex: 12    Spells: 5/5 levels left

rFire   . . .      SeeInvis .   a - +0 war axe
rCold   . . .      Faith    .   (no shield)
rNeg    . . .      Spirit   .   (armour currently unavailable)
rPois   +          Reflect  .   (helmet currently unavailable)
rElec   .          Harm     .   (cloak currently unavailable)
rCorr   .          Rampage  .   (gloves currently unavailable)
Will    .....      NoTele   +   (boots currently unavailable)
Stlth   +.........              (no amulet)
HPRegen 0.23/turn               (no ring)
MPRegen 0.10/turn               (no ring)

@: tree-form
A: stationary, stasis, torment immunity, boosted hp
a: Convert to Beogh


You were on level 3 of the Dungeon.
You were a tree.
You visited 1 branch of the dungeon, and saw 4 of its levels.

You collected 146 gold pieces.
You spent 87 gold pieces at shops.

Inventory:

Hand Weapons
 a - a +0 war axe (weapon)
Missiles
 d - 2 throwing nets (quivered)
Armour
 b - a +1 ring mail of poison resistance (melded)
 c - a +0 helmet (melded)
 f - a +2 pair of gloves (melded)
Jewellery
 g - a ring of protection from fire
Potions
 e - a potion of attraction


   Skills:
 + Level 4.6 Fighting
 + Level 6.8 Axes
 - Level 1.7 Throwing
 + Level 3.1 Armour
 - Level 2.4 Dodging
 - Level 0.2 Stealth


You had 5 spell levels left.
You didn't know any spells.
Your spell library contained the following spells:

 Spells                   Type           Power      Damage    Failure   Level
 Animate Skeleton         Necr           0%         N/A       36%         1
 Apportation              Tloc           0%         N/A       36%         1
 Summon Small Mammal      Summ           0%         N/A       36%         1
 Passage of Golubria      Tloc           0%         N/A       98%         4
 Silence                  Hex/Air        0%         N/A       100%        5
 Lehudib's Crystal Spear  Conj/Erth      0%         10d2      100%        8


Dungeon Overview and Level Annotations

Branches:
Dungeon (4/15)
 Temple: D:4-7

Altars:
Qazlal

Shops:
D:1 (   D:2 =[[?*


Message History

The orc priest invokes the aid of Beogh against you.
Beogh smites you!
* * * LOW HITPOINT WARNING * * *
The orc warrior barely misses you.
You closely miss the orc warrior.
The orc warrior is moderately wounded.
The orc priest hits you from afar with a +0 trident.
* * * LOW HITPOINT WARNING * * *
The orc warrior hits you but does no damage.
You hit the orc warrior.
The orc warrior is heavily wounded.
The orc priest hits you but does no damage.
The orc warrior hits you with a +0 war axe.
* * * LOW HITPOINT WARNING * * *
Unknown command.
As you read the scroll of identify, it crumbles to dust.
k - a potion of curing The orc priest looks encouraged for a moment.
The orc warrior hits you with a +0 war axe.
* * * LOW HITPOINT WARNING * * *
You feel better.
The orc priest casts a cantrip, but nothing happens.
The orc warrior hits you but does no damage.
You hit the orc warrior but do no damage.
The orc warrior is moderately wounded.
The orc priest threatens, "By the altar or by the axe, you will meet Beogh!"
The orc priest hits you but does no damage.
The orc warrior hits you but does no damage.
You hit the orc warrior.
The orc warrior is heavily wounded.
The orc priest hits you but does no damage.
The orc warrior completely misses you.
The orc priest hits you but does no damage.
You barely miss the orc warrior.
The orc warrior is heavily wounded.
The orc warrior hits you with a +0 war axe.
* * * LOW HITPOINT WARNING * * *
The orc priest begins to cast a cantrip, but forgets the words!
The orc warrior hits you with a +0 war axe.
You die...

######## #......# #.####.. #.#
### ########## ##.######
#........# #........ #.######o#
#..###### #########.# #o# #..# #
..........# #♣# #..######
########..######)########[...(...
######..##...............######
#..........###.######....# #
###.####..#### #.# ##.#...## #
.......#..# #.# ##.###...# #
.#####.#..######.###......#.# .#
#.#.........##.#.......#### .#
#...##########............#


You could see an orc warrior and an orc priest.

Vanquished Creatures
  Sigmund (D:2)
  Jessica (D:2)
  A gnoll (D:1)
  4 adders
  2 worms
  2 dart slugs
  An orc (D:3)
  7 ball pythons
  6 endoplasms
  3 giant cockroaches
  10 goblins
  6 hobgoblins
  2 quokkas
  7 bats
  4 frilled lizards
  4 kobolds
  3 rats
64 creatures vanquished.

Vanquished Creatures (others)
  3 plants (D:1)
3 creatures vanquished.

Grand Total: 67 creatures vanquished

Notes
Turn   | Place    | Note
-------+----------+-------------------------------------------
     0 | D:1      | Ijustatesigmund the Hill Orc Gladiator began the quest for
                  | the Orb.
     0 | D:1      | Reached XP level 1. HP: 18/18 MP: 1/1
   224 | D:1      | Found Nibraj's Antique Weapon Shop.
   255 | D:1      | Reached XP level 2. HP: 24/25 MP: 2/2
   468 | D:1      | Reached skill level 5 in Axes
   468 | D:1      | Reached XP level 3. HP: 19/30 MP: 3/3
  1160 | D:2      | Noticed Jessica
  1169 | D:2      | Killed Jessica
  1170 | D:2      | Reached skill level 1 in Armour
  1170 | D:2      | Reached XP level 4. HP: 32/38 MP: 4/4
  1286 | D:2      | Found a faded altar of an unknown god.
  1287 | D:2      | Found Giovvoi's Armour Emporium.
  1635 | D:2      | Noticed Sigmund
  1647 | D:2      | Killed Sigmund
  1648 | D:2      | Reached skill level 6 in Axes
  1648 | D:2      | Reached XP level 5. HP: 39/47 MP: 5/5
  1648 | D:2      | Reached XP level 6. HP: 44/53 MP: 6/6
  1714 | D:2      | Found a stormy altar of Qazlal.
  1792 | D:2      | Found Fuyv's Magic Scroll Emporium.
  1795 | D:2      | Bought a scroll of identify for 22 gold pieces
  1795 | D:2      | Bought a scroll of identify for 22 gold pieces
  1795 | D:2      | Bought a scroll of identify for 22 gold pieces
  1861 | D:2      | Found Oqitel's Assorted Antiques.
  1869 | D:2      | Bought a coppery potion for 21 gold pieces
  2075 | D:2      | Found Wiphaj's Armour Boutique.
  2075 | D:2      | Found Tihu's Jewellery Boutique.
  2879 | D:4      | Noticed an orc warrior
  2901 | D:3      | HP: 2/79 [orc warrior (6)]
  2905 | D:3      | Slain by an orc warrior

Illustrated notes

Levels and vault maps discovered:
D:1:      kilobyte_arrival_exit_the_forest, layout_basic, serial_shops,
          nicolae_shop_hallway_plus, nicolae_grassy_gnolls
D:2:      layout_loops_ring, serial_shops, nicolae_shop_trees,
          nicolae_shop_trees, nicolae_shop_behind_doors,
          nicolae_shop_hallway_stairs, nicolae_shop_waterfront, basic_altar,
          basic_ecumenical_altar, minmay_tall_x, uniq_jessica, uniq_sigmund
D:3:      layout_loops_ring
D:4:      layout_basic, makhleb_heckhound_becter, kennysheep_mini_moat,
          serial_shops, shop

Skill      XL: |  1  2  3  4  5  6 |
---------------+-------------------+-----
Axes           | 5 6 |  6.8
Fighting       | 3 4 |  4.6
Armour         | 1 2 3 |  3.1
Throwing       | |  1.7
Dodging        | |  2.4
Stealth        | |  0.2

Action                   |  1- 3 |  4- 6 || total
-------------------------+-------+-------++-------
Melee: War axe           |    68 |   134 ||   202
Throw: Throwing net      |       |     1 ||     1
  Use: Scroll            |     2 |     5 ||     7
       Potion            |       |     4 ||     4
 Stab: Sleeping          |     1 |       ||     1
Armor: Leather armour    |    22 |    10 ||    32
       Ring mail         |       |    39 ||    39
       Skin              |       |    21 ||    21
Dodge: Dodged            |    34 |    82 ||   116

Table legend: (Time is in decaauts)
 A = Elapsed time spent in this place.
 B = Non-inter-level travel time spent in this place.
 C = Inter-level travel time spent in this place.
 D = Time resting spent in this place.
 E = Time spent auto-exploring this place.
 F = Levels seen in this place.
 G = Mean time per level.
                   A        B        C        D        E       F      G
               +--------+--------+--------+--------+--------+-----+--------+
         Total |   2939 |   2864 |     75 |    260 |   2100 |   4 |  734.8 |
       Dungeon |   2939 |   2864 |     75 |    260 |   2100 |   4 |  734.8 |
               +--------+--------+--------+--------+--------+-----+--------+

Top non-repeatable levels by time:
     D:1: 1182 daAuts
     D:2: 1001 daAuts
     D:3: 749 daAuts
     D:4: 5 daAuts
